 Dungeon Crawl Stone Soup version 0.15.1-3-g1b33baa (webtiles) character file.

1138 DrPain the Cutter (level 8, -6/37 HPs)
             Began as a Spriggan Assassin on Oct 7, 2014.
             Killed from afar by Edmund (10 damage)
             ... with a wand of frost
             ... on Level 6 of the Dungeon.
             The game lasted 00:18:54 (8396 turns).

DrPain the Cutter (Spriggan Assassin)               Turns: 8396, Time: 00:18:54

HP  -6/37        AC  4     Str  8      XL: 8   Next: 14%
MP  16/16        EV 16     Int 13      God:
Gold 280         SH  8     Dex 18      Spells:  0 memorised,  7 levels left

rFire  . . .     SeeInvis +     f - +0 blowgun
rCold  . . .     Clarity  +     c - +0 robe
rNeg   . . .     rCorr    .     m - +0 buckler
rPois  .         rRot     .     (helmet restricted)
rElec  .         Spirit   .     d - +0 cloak
SustAb .         Warding  .     (gloves unavailable)
rMut   +         Stasis   .     (boots unavailable)
Gourm  .                        h - amulet of resist mutation
MR     +....                    (no ring)
                                n - +1 ring of protection

@: very quick, somewhat resistant to hostile enchantments, stealthy
A: unfitting armour, see invisible, clarity, herbivore 3, speed 3, slow
metabolism 2
a: no special abilities


You were on level 6 of the Dungeon.
You were not hungry.

You visited 1 branch of the dungeon, and saw 6 of its levels.

You collected 280 gold pieces.

Inventory:

Hand weapons
 f - a +0 blowgun (weapon)
 u - a +2 dagger
 w - a +0 cutlass
Missiles
 a - 50 stones
 e - 4 poisoned needles (quivered)
Armour
 c - a +0 robe (worn)
 d - a +0 cloak (worn)
 m - a +0 buckler (worn)
Magical devices
 b - a wand of flame (6)
 s - a wand of enslavement (10)
Comestibles
 k - 2 bread rations
Scrolls
 g - a scroll of immolation {unknown}
 i - 3 scrolls of identify {unknown}
 j - 5 scrolls of remove curse {unknown}
 p - a scroll of teleportation {unknown}
 r - a scroll of enchant armour {unknown}
 v - a scroll of noise {unknown}
Jewellery
 h - an amulet of resist mutation (around neck)
 n - a +1 ring of protection (left hand)
 t - an uncursed ring of ice
Potions
 o - a potion of cure mutation
 q - a potion of restore abilities
 x - 2 potions of brilliance
 z - a potion of curing
Books
 l - a book of Flames

   Spells                             Type                      Level
   Flame Tongue                       Conjuration/Fire             1
   Throw Flame                        Conjuration/Fire             2
   Conjure Flame                      Conjuration/Fire             3
   Inner Flame                        Hexes/Fire                   3
   Sticky Flame                       Conjuration/Fire             4
   Fireball                           Conjuration/Fire             5


   Skills:
 - Level 1.5 Fighting
 - Level 7.0 Short Blades
 - Level 2.1 Throwing
 - Level 1.5 Dodging
 - Level 5.8 Stealth
 + Level 5.5 Shields


You had 7 spell levels left.
You didn't know any spells.

Dungeon Overview and Level Annotations

Branches:
Dungeon (6/15)
 Temple: D:4-7

Altars:
Ashenzari
Fedhas
Yredelemnul

Annotations:
D:6 Edmund


Innate Abilities, Weirdness & Mutations

You are tiny and cannot use many weapons and most armour.
You have supernaturally acute eyesight.
You are a herbivore.
You cover ground extremely quickly.
You need consume almost no food.
You possess an exceptional clarity of mind.


Message History

Edmund zaps a wand.
The puff of frost hits you!
You hit Edmund but do no damage.
Edmund is lightly wounded.
Edmund barely misses you.
You hit Edmund but do no damage.
Edmund is lightly wounded.
You block Edmund's attack.
You hit Edmund but do no damage.
Edmund is lightly wounded.
You hit Edmund but do no damage.
Edmund is lightly wounded.
Edmund says, "A flail is better than a scythe, any day of the week!"
Edmund zaps a wand.
The puff of frost hits you!
* * * LOW HITPOINT WARNING * * *
You are too injured to fight recklessly!
Wield which item (- for none, * to show all)? (? for menu, Esc to quit)
f - a +0 blowgun (weapon)
Edmund hits you but does no damage.
Edmund zaps a wand.
The puff of frost hits you!
You die...

.. .. ###+ .# ..
.###...###.## .#.
............#
..).
........@....#
+....
.........)...#...
....
[................
.....
........@########
...###...# .
#...# #...#+##
##+ +......##+##.
....
#............
.... ##..........
+### #...##+#..#
#...# #..#


You could see Edmund.

Vanquished Creatures
  Eustachio (D:5)
  A human (D:2)
  A sky beast (D:6)
  A phantom (D:5)
  2 ogres
  A scorpion (D:5)
  3 hounds
  An orc wizard (D:4)
  4 worker ants
  Natasha (thrice) (D:5)
  An ogre skeleton (D:4)
  3 gnolls (D:2)
  8 adders
  A giant mite (D:2)
  A goliath beetle zombie (D:4)
  A shadow imp (D:5)
  A worm (D:2)
  An adder zombie (D:5)
  An ooze (D:2)
  8 orcs
  2 ball pythons
  8 bats
  6 giant cockroaches
  6 goblins
  10 hobgoblins
  2 jackals (D:1)
  3 quokkas
  2 giant geckos
  6 giant newts
  A goblin zombie (D:2)
  A jackal skeleton (D:5)
  10 kobolds
  A kobold skeleton (D:2)
  An orc skeleton (D:5)
  3 rats
106 creatures vanquished.

Notes
Turn   | Place    | Note
--------------------------------------------------------------
     0 | D:1      | DrPain, the Spriggan Assassin, began the quest for the Orb.
     0 | D:1      | Reached XP level 1. HP: 10/10 MP: 2/2
   150 | D:1      | Gained mutation: You are robust (+10% HP). [potion of beneficial mutation]
   332 | D:1      | Reached XP level 2. HP: 15/15 MP: 4/4
   966 | D:2      | Reached XP level 3. HP: 19/19 MP: 6/6
  1469 | D:2      | Noticed a human
  1472 | D:2      | Found a basalt altar of Yredelemnul.
  1592 | D:2      | Reached XP level 4. HP: 16/24 MP: 8/8
  1841 | D:2      | Killed a human
  1841 | D:2      | Reached skill level 6 in Short Blades
  1841 | D:2      | Reached XP level 5. HP: 12/27 MP: 10/10
  3129 | D:2      | Lost mutation: You are robust (+10% HP). [potion of cure mutation]
  3254 | D:3      | Reached skill level 7 in Short Blades
  3254 | D:3      | Reached XP level 6. HP: 30/30 MP: 12/12
  3364 | D:3      | Found a blossoming altar of Fedhas.
  3415 | D:3      | HP: 1/30 [poisoned by a worker ant]
  3935 | D:3      | Reached skill level 1 in Shields
  3939 | D:3      | Gained mutation: You possess an exceptional clarity of mind. [potion of beneficial mutation]
  4749 | D:4      | Found a shattered altar of Ashenzari.
  4800 | D:4      | Reached XP level 7. HP: 33/33 MP: 14/14
  4974 | D:5      | Entered Level 5 of the Dungeon
  5145 | D:5      | HP: 1/33 [poisoned by a scorpion]
  5532 | D:5      | Noticed Natasha
  5867 | D:5      | Killed Natasha
  6355 | D:5      | Noticed Natasha
  6361 | D:5      | Killed Natasha
  6881 | D:5      | Noticed Eustachio
  7368 | D:5      | Killed Eustachio
  7368 | D:5      | Reached skill level 5 in Shields
  7368 | D:5      | Reached XP level 8. HP: 20/37 MP: 16/16
  8022 | D:5      | Noticed Natasha
  8028 | D:5      | Killed Natasha
  8380 | D:6      | Noticed Edmund
  8396 | D:6      | Killed from afar by Edmund

Action                   |  1- 3 |  4- 6 |  7- 9 || total
-------------------------+-------+-------+-------++-------
Melee: Dagger            |   126 |   209 |   183 ||   518
       Cutlass           |       |       |    35 ||    35
 Fire: Blowgun           |     7 |    19 |     9 ||    35
Throw: Stone             |     9 |    24 |       ||    33
Evoke: Wand              |       |       |     2 ||     2
  Use: Potion            |     5 |     7 |     2 ||    14
 Stab: Sleeping          |     5 |     6 |     7 ||    18
       Distracted        |       |     3 |     1 ||     4
